 Dungeon Crawl Stone Soup version 0.29.0-11-gd7f09526c8 (webtiles) character file.

Game seed: 3700288173676892349

715 Ordine the Cudgeller (level 7, -7/44 HPs)
             Began as a Gargoyle Fighter on Sept 6, 2022.
             Killed by divine providence
             ... invoked by an orc priest
              (11 damage)
             ... on level 4 of the Dungeon.
             The game lasted 00:09:26 (4282 turns).

Ordine the Cudgeller (Gargoyle Fighter)             Turns: 4282, Time: 00:09:27

Health: -7/44      AC: 13    Str: 20 (21) XL:     7   Next: 69%
Magic:  7/7        EV:  9    Int:  6 (9)  God:
Gold:   249        SH:  4    Dex:  6 (9)  Spells: 6/6 levels left

rFire   . . .      SeeInvis .   b - +0 whip (venom)
rCold   . . .      Faith    .   c - +0 buckler
rNeg    + . .      Spirit   .   y - +0 scale mail
rPois   ∞          Reflect  .   o - +0 helmet
rElec   +          Harm     .   (no cloak)
rCorr   .          Rampage  .   w - +0 pair of gloves
Will    .....                   (no boots)
Stlth   ..........              r - amulet of regeneration
HPRegen 0.94/turn               (no ring)
MPRegen 0.10/turn               (no ring)

@: no status effects
A: sickness immunity, AC +4, negative energy resistance 1, electricity
resistance, torment resistance 1, petrification resistance
a: no special abilities


You were on level 4 of the Dungeon.
You visited 1 branch of the dungeon, and saw 4 of its levels.

You collected 249 gold pieces.

Inventory:

Hand Weapons
 a - a +0 flail
 b - a +0 whip of venom (weapon)
 n - the +7 Throatcutter {drain, coup de grace}
   (You found it on level 2 of the Dungeon)

   A truly terrible weapon, it drains the life of any living foe it strikes.
   It may instantly kill foes which have little health.
Missiles
 h - 24 stones (quivered)
 p - 10 boomerangs
 q - 6 poisoned darts
 z - 5 atropa-tipped darts
Armour
 c - a +0 buckler (worn)
 o - a +0 helmet (worn)
 w - a +0 pair of gloves (worn)
 y - a +0 scale mail (worn)
Jewellery
 r - an amulet of regeneration (around neck)
Scrolls
 e - 2 scrolls of vulnerability {unknown}
 f - 4 scrolls of butterflies {unknown}
 g - 3 scrolls of enchant weapon {unknown}
 i - 2 scrolls of summoning {unknown}
 j - 2 scrolls of identify {unknown}
 k - 2 scrolls of magic mapping {unknown}
 s - 4 scrolls of teleportation {unknown}
 x - 3 scrolls of poison {unknown}
Potions
 d - a potion of might
 l - 2 potions of curing {unknown}
 m - 2 potions of degeneration
 t - a potion of attraction {unknown}
 u - a potion of cancellation {unknown}
 v - 2 potions of berserk rage {unknown}
 A - a potion of ambrosia {unknown}


   Skills:
 + Level 5.4 Fighting
 * Level 6.0 Maces & Flails
 + Level 3.2 Throwing
 - Level 3.2 Armour
 - Level 4.0 Shields


You had 6 spell levels left.
You didn't know any spells.
Your spell library contained the following spells:

 Spells                   Type           Power      Damage    Failure   Level
 Gell's Gravitas          Tloc           0%         N/A       99%         3
 Lesser Beckoning         Tloc           0%         N/A       99%         3
 Teleport Other           Tloc           0%         N/A       99%         3


Dungeon Overview and Level Annotations

Branches:
Dungeon (4/15)
 Temple: D:4-7

Altars:
Vehumet

Shops:
D:2 *


Innate Abilities, Weirdness & Mutations

You are immune to sickness and miasma.
Your stone body is resilient. (AC +4)
You are immune to poison.
You resist negative energy. (rN+)
You are resistant to electric shocks. (rElec)
You are resistant to unholy torment.
You are immune to petrification.


Message History

The orc hits you with a +0 whip.
The orc priest hits you but does no damage.
You closely miss the orc priest.
The endoplasm hits you but does no damage.
The orc priest calls down the wrath of Beogh upon you.
Pain shoots through your body! The orc closely misses you.
You hit the orc priest.
The orc priest is poisoned.
The orc priest is lightly wounded.
You hit the orc priest.
The orc priest looks as sick as possible!
The orc priest is lightly wounded.
The endoplasm hits you but does no damage.
The orc priest hits you but does no damage.
The orc hits you but does no damage.
You closely miss the orc priest.
The orc priest is moderately wounded.
The endoplasm freezes you.
You are frozen.
The orc hits you but does no damage.
The orc priest calls down the wrath of Beogh upon you.
Beogh smites you!
* * * LOW HITPOINT WARNING * * *
You barely miss the orc priest.
The orc priest is heavily wounded.
The endoplasm freezes you.
You are frozen.
* * * LOW HITPOINT WARNING * * *
The orc barely misses you.
The orc priest invokes the aid of Beogh against you.
Pain shoots through your body!
* * * LOW HITPOINT WARNING * * *
Unknown command.
Unknown command.
It was a potion of degeneration.
There was something very wrong with that liquid.
You feel weakened.
You feel dopey.
You feel clumsy. You block the endoplasm's attack.
The orc hits you with a +0 whip.
* * * LOW HITPOINT WARNING * * *
The orc priest calls down the wrath of Beogh upon you.
Beogh smites you!
You die...

#... ##..## #.....#
#....#..## #.....#
#.......### #.....#
#.........# #.....#
#....#.#..# #......
##..##.#..###.......
#.. #.#...# #..
#.##..######.. #. #.
#..@o.....#
#.....Jo..####
##.....!...#
...............
.#............. .
#.............
#.............
##............


You could see an orc priest (extremely poisoned), an orc and an endoplasm.

Vanquished Creatures
  An ogre (D:2)
  A bullfrog (D:4)
  3 hounds (D:3)
  A gnoll bouda (D:3)
  2 orc wizards (D:3)
  5 adders
  22 gnolls
  2 worms (D:2)
  2 dart slugs
  20 orcs
  6 ball pythons
  7 endoplasms
  4 giant cockroaches
  8 goblins
  5 hobgoblins
  15 jackals (D:3)
  3 kobolds
  5 quokkas
  3 bats
  3 frilled lizards
  8 rats
126 creatures vanquished.

Vanquished Creatures (others)
  A plant (D:3)
1 creature vanquished.

Grand Total: 127 creatures vanquished

Notes
Turn   | Place    | Note
-------+----------+-------------------------------------------
     0 | D:1      | Ordine the Gargoyle Fighter began the quest for the Orb.
     0 | D:1      | Reached XP level 1. HP: 14/14 MP: 1/1
    95 | D:1      | Reached XP level 2. HP: 15/19 MP: 2/2
   265 | D:1      | Found a faded altar of an unknown god.
   763 | D:1      | Reached XP level 3. HP: 21/23 MP: 3/3
  1061 | D:2      | Found Esest's Assorted Antiques.
  1133 | D:2      | Reached skill level 3 in Maces & Flails
  1176 | D:2      | Reached XP level 4. HP: 29/29 MP: 4/4
  1629 | D:2      | Reached skill level 1 in Throwing
  1702 | D:2      | Found the +7 Throatcutter {drain, coup de grace}
  2302 | D:2      | Found a radiant altar of Vehumet.
  2450 | D:3      | Reached XP level 5. HP: 33/33 MP: 5/5
  2977 | D:3      | Reached skill level 4 in Maces & Flails
  3029 | D:3      | Reached XP level 6. HP: 38/39 MP: 6/6
  3720 | D:3      | Reached skill level 5 in Maces & Flails
  3799 | D:3      | Reached skill level 5 in Fighting
  3799 | D:3      | Reached XP level 7. HP: 44/44 MP: 7/7
  4260 | D:4      | Reached skill level 6 in Maces & Flails
  4282 | D:4      | Killed from afar by an orc priest

Illustrated notes

Levels and vault maps discovered:
D:1:      minmay_arrival_doors, layout_loops_cross,
          hellmonk_ecumenical_altar_arch_garden, minmay_ruptured
D:2:      layout_basic, serial_shops, shop_statue, basic_altar
D:3:      lemuel_castle_with_subvaults [lemuel_castle_interior_carwin_3],
          layout_loops_corners, guppyfry_early_orc_mine
D:4:      layout_rooms, minmay_fire_ice_demons

Skill      XL: |  1  2  3  4  5  6  7 |
---------------+----------------------+-----
Maces & Flails | 3 4 5 6 |  6.0
Throwing       | 1 2 3 |  3.2
Shields        | 4 |  4.0
Fighting       | 4 5 |  5.4
Armour         | |  3.2

Action                   |  1- 3 |  4- 6 |  7- 9 || total
-------------------------+-------+-------+-------++-------
Melee: Flail             |   115 |   331 |    27 ||   473
       Whip              |       |       |    57 ||    57
Throw: Stone             |     1 |    38 |     4 ||    43
  Use: Potion            |       |     1 |     1 ||     2
Armor: Scale mail        |    64 |   210 |    45 ||   319
Dodge: Dodged            |    64 |   162 |    46 ||   272
Block: Buckler           |    18 |    87 |    21 ||   126
